 Dungeon Sprint DCSS version 0.22-a0-78-g0f8607c (webtiles) character file.

31208 Kidiri the Tortoise (level 13, -62/134 HPs)
             Began as a Minotaur Fighter on Jan 15, 2018.
             Was a High Priest of Okawaru.
             Killed from afar by Dispater (68 damage)
             ... with a crystal spear
             ... in the Dungeon (Sprint VII: "The Pits").
             The game lasted 00:21:52 (4501 turns).

Kidiri the Tortoise (Minotaur Fighter)              Turns: 4501, Time: 00:21:53

Health: -62/134    AC: 23    Str: 29    XL:     13   Next: 24%
Magic:  18/20      EV: 18    Int:  5    God:    Okawaru [*****.]
Gold:   43         SH: 25    Dex: 13    Spells: 12/12 levels left

rFire    . . .     SeeInvis .   p - +10 morningstar of Impermanence {elec, rElec rPois rC+}
rCold    + . .     Gourm    .   A - +0 large shield
rNeg     . . .     Faith    .   v - +4 chain mail
rPois    +         Spirit   .   (helmet restricted)
rElec    +         Reflect  .   (no cloak)
rCorr    .         Harm     .   (no gloves)
MR       +....     NoTele   +   (no boots)
Stlth    ..........             (no amulet)
HPRegen  0.32/turn              D - ring of Conformity {MR+ Str+3 Dex+3}
MPRegen  0.17/turn              s - +3 ring of protection

@: heroism, finesse
A: retaliatory headbutt, horns 2, mutation resistance 1
a: Heroism, Finesse, Renounce Religion


You were in the Dungeon.
You worshipped Okawaru.
Okawaru was extremely pleased with you.
You were not hungry.

You visited 1 branch You collected 43 gold pieces.

Inventory:

Hand Weapons
 p - the +10 morningstar of Impermanence (weapon) {elec, rElec rPois rC+}
   (Okawaru gifted it to you in the Dungeon)

   Occasionally, upon striking a foe, it will discharge some electrical energy
   and cause terrible harm.
   It protects you from cold.
   It insulates you from electricity.
   It protects you from poison.
 u - a +2 morningstar of protection
 F - a +0 eveningstar of draining
Missiles
 G - 7 stones
 I - a throwing net (quivered)
Armour
 c - a +0 shield
 v - a +4 chain mail (worn)
 A - a +0 large shield (worn)
 C - the +3 scale mail of the Armoured One {Int+4}
   (Okawaru gifted it to you in the Dungeon)

   It affects your intelligence (+4).
 H - a +2 ring mail of fire resistance
Jewellery
 r - a +3 ring of intelligence
 s - a +3 ring of protection (right hand)
 y - an uncursed ring of fire
 B - an uncursed ring of protection from magic
 D - the ring of Conformity (left hand) {MR+ Str+3 Dex+3}
   (You found it in the Dungeon)

   [ring of protection from magic]

   It affects your strength (+3).
   It affects your dexterity (+3).
   It affects your resistance to hostile enchantments.
 E - the ring of Pusomoaf {rPois rN+ Int-3 Dex+5}
   (You took it off an orc warrior in the Dungeon)

   [ring of poison resistance]

   It affects your intelligence (-3).
   It affects your dexterity (+5).
   It protects you from poison.
   It protects you from negative energy.
Scrolls
 a - 2 scrolls of fog
 b - 2 scrolls of enchant weapon
 g - a scroll of blinking
 k - 4 scrolls of identify
 m - 4 scrolls of remove curse
 n - 5 scrolls of amnesia
 o - a scroll of summoning
 w - a scroll of fear
Potions
 d - 4 potions of might
 e - 5 potions of curing
 h - 4 potions of haste
 i - 4 potions of magic
 j - 2 potions of berserk rage
 l - 2 potions of invisibility
 q - 3 potions of heal wounds
 t - 3 potions of resistance
 x - a potion of brilliance
 z - 3 potions of agility
Comestibles
 f - 11 rations


   Skills:
 * Level 17.7(22.7) Fighting
 * Level 17.6(22.6) Maces & Flails
 + Level 11.1(16.1) Throwing
 * Level 17.7(22.7) Armour
 + Level 12.0(17.0) Dodging
 * Level 17.7(22.7) Shields
 + Level 11.1 Invocations


You had 12 spell levels left.
You didn't know any spells.

Dungeon Overview and Level Annotations

Branches:
Dungeon (1/1)

Altars:
Ashenzari
Cheibriados
Dithmenos
Elyvilon
Fedhas
Gozag
Hepliaklqana
Kikubaaqudgha
Makhleb
Nemelex Xobeh
Okawaru
Qazlal
Ru
Sif Muna
Trog
Uskayaw
Vehumet
Wu Jian
Xom
Yredelemnul
Zin
The Shining One
Beogh
Jiyva
Lugonu

Annotations:
D exclusions: 10 doors and 8 more exclusions, Dispater


Innate Abilities, Weirdness & Mutations

You reflexively headbutt those who attack you in melee.
You have a pair of horns on your head.
You are somewhat resistant to further mutation.


Message History

* * * LOW HITPOINT WARNING * * *
The Executioner barely misses you. The Executioner completely misses you.
You block the Executioner's attack. The Executioner hits you.
* * * LOW HITPOINT WARNING * * *
You block the Executioner's attack. Dispater closely misses you.
You furiously retaliate!
You headbutt Dispater, but do no damage.
You bludgeon Dispater!!
Dispater is almost dead.
The Executioner hits you!
* * * LOW HITPOINT WARNING * * *
You block the Executioner's attack. x2
You hit Dispater but do no damage.
Dispater is almost dead.
You block the Executioner's attack. x2
The Executioner hits you but does no damage.
Dispater gestures at you. The crystal spear hits you!
Ouch! That really hurt!
You die...

#+# #&# #@# #1#
#'# #.# #+#
################+#
.................#
.................#
+##############..#


You could see Dispater and an Executioner.

Vanquished Creatures
  An electric golem (D)
  A deep elf blademaster (D)
  A death cob (D)
  A balrug (D)
  An orc warlord (D)
  An emperor scorpion (D)
  A deep elf demonologist (D)
  An ice dragon (D)
  A catoblepas (D)
  A merfolk avatar (D)
  A death yak (D)
  2 two-headed ogres (D)
  An alligator (D)
  A vampire mage (D)
  A large abomination (D)
  A deep elf knight (D)
  A shadow wraith (D)
  A sun demon (D)
  An unseen horror (D)
  A flayed ghost (D)
  A necromancer (D)
  A deep elf archer (D)
  2 lindwurms (D)
  A phantasmal warrior (D)
  4 deep elf magi (D)
  A black mamba (D)
  A guardian serpent (D)
  A smoke demon (D)
  A spiny frog (D)
  A rime drake (D)
  A komodo dragon (D)
  A guardian mummy (D)
  An ice devil (D)
  A red devil (D)
  2 hellwings (D)
  2 wandering mushrooms (D)
  2 tyrant leeches (D)
  A bog body (D)
  A flying skull (D)
  2 spriggans (D)
  2 wyverns (D)
  A ynoxinul (D)
  4 redbacks (D)
  A tarantella (D)
  4 yaks (D)
  A basilisk (D)
  Eustachio (D)
  3 neqoxecs (D)
  A hungry ghost (D)
  An acid dragon (D)
  2 soldier ants (D)
  A water moccasin (D)
  Purgy (D)
  2 orc warriors (D)
  An ice beast (D)
  An ogre (D)
  A phantom (D)
  2 eyes of draining (D)
  2 centaurs (D)
  A crocodile (D)
  A small abomination (D)
  2 gnoll sergeants (D)
  5 killer bees (D)
  A jelly (D)
  A gnoll shaman (D)
  A hell rat (D)
  3 worker ants (D)
  13 gnolls (D)
  An adder (D)
  A white imp (D)
  An ooze (D)
  4 adder zombies (D)
  An adder simulacrum (D)
  6 orcs (D)
  A bat (D)
  2 goblins (D)
  A hobgoblin (D)
  2 jackals (D)
  A quokka (D)
  A ball python (D)
  A ball python simulacrum (D)
  2 frilled lizards (D)
  A rat (D)
135 creatures vanquished.

Vanquished Creatures (others)
  An orc warrior (D)
1 creature vanquished.

Grand Total: 136 creatures vanquished

Notes
Turn   | Place    | Note
-------+----------+-------------------------------------------
     0 | D        | Kidiri the Minotaur Fighter began the quest for the Orb.
     0 | D        | Reached XP level 1. HP: 19/19 MP: 0/0
    77 | D        | Found a bloodstained altar of Trog.
    77 | D        | Found a deep blue altar of Sif Muna.
    77 | D        | Found a viscous altar of Jiyva.
    77 | D        | Found a hazy altar of Hepliaklqana.
    77 | D        | Found an opulent altar of Gozag.
    78 | D        | Found a glowing golden altar of the Shining One.
    78 | D        | Found a glowing silver altar of Zin.
    78 | D        | Found a basalt altar of Yredelemnul.
    78 | D        | Found a shimmering altar of Xom.
    78 | D        | Found an ornate altar of the Wu Jian Council.
    78 | D        | Found a sacrificial altar of Ru.
    78 | D        | Found a stormy altar of Qazlal.
    78 | D        | Found an iron altar of Okawaru.
    78 | D        | Found a sparkling altar of Nemelex Xobeh.
    78 | D        | Found a burning altar of Makhleb.
    78 | D        | Found a blossoming altar of Fedhas.
    78 | D        | Found a white marble altar of Elyvilon.
    78 | D        | Found a shadowy altar of Dithmenos.
    78 | D        | Found a snail-covered altar of Cheibriados.
    80 | D        | Found a radiant altar of Vehumet.
    80 | D        | Found a corrupted altar of Lugonu.
    80 | D        | Found a roughly hewn altar of Beogh.
    81 | D        | Found a hide-covered altar of Uskayaw.
    81 | D        | Found an ancient bone altar of Kikubaaqudgha.
    81 | D        | Found a shattered altar of Ashenzari.
    86 | D        | Became a worshipper of Warmaster Okawaru
   108 | D        | Reached skill level 1 in Dodging
   175 | D        | Reached XP level 2. HP: 27/27 MP: 1/1
   212 | D        | Reached skill level 1 in Throwing
   212 | D        | Reached skill level 1 in Invocations
   212 | D        | Reached XP level 3. HP: 26/35 MP: 1/3
   401 | D        | Noticed a centaur
   419 | D        | Killed a centaur
   419 | D        | Reached * piety under Okawaru
   419 | D        | Reached skill level 5 in Maces & Flails
   419 | D        | Reached XP level 4. HP: 23/44 MP: 4/4
   633 | D        | Noticed a hungry ghost
   633 | D        | Noticed a gnoll sergeant
   633 | D        | Noticed an ice beast
   649 | D        | Killed a gnoll sergeant
   649 | D        | Reached XP level 5. HP: 51/51 MP: 3/6
   666 | D        | Killed a hungry ghost
   666 | D        | Reached XP level 6. HP: 58/61 MP: 3/7
   673 | D        | Killed an ice beast
   673 | D        | Reached ** piety under Okawaru
   846 | D        | Noticed a flying skull
   858 | D        | Killed a flying skull
   858 | D        | Reached XP level 7. HP: 58/69 MP: 7/9
   921 | D        | Reached skill level 5 in Dodging
  1273 | D        | Noticed Purgy
  1274 | D        | Noticed a komodo dragon
  1280 | D        | Killed Purgy
  1280 | D        | Reached skill level 5 in Throwing
  1287 | D        | Killed a komodo dragon
  1287 | D        | Reached *** piety under Okawaru
  1287 | D        | Reached skill level 10 in Armour
  1287 | D        | Reached skill level 5 in Invocations
  1287 | D        | Reached XP level 8. HP: 51/79 MP: 8/10
  1289 | D        | Reached skill level 10 in Fighting
  1289 | D        | Reached skill level 10 in Shields
  1479 | D        | Noticed a smoke demon
  1503 | D        | Reached skill level 10 in Maces & Flails
  1521 | D        | Killed a smoke demon
  1731 | D        | Noticed a lindwurm
  1735 | D        | Reached **** piety under Okawaru
  1735 | D        | Reached XP level 9. HP: 78/89 MP: 9/12
  1746 | D        | Killed a lindwurm
  1940 | D        | Noticed a black mamba
  1945 | D        | Killed a black mamba
  2048 | D        | Gained mutation: Potions are less effective at restoring your health. [a neqoxec]
  2049 | D        | Noticed a rime drake
  2067 | D        | Killed a rime drake
  2067 | D        | Reached ***** piety under Okawaru
  2139 | D        | Noticed a death yak
  2149 | D        | Killed a death yak
  2149 | D        | Reached XP level 10. HP: 85/99 MP: 12/14
  2182 | D        | Noticed a flayed ghost
  2190 | D        | Killed a flayed ghost
  2259 | D        | Noticed a spiny frog
  2259 | D        | Noticed a deep elf mage
  2259 | D        | Noticed a phantasmal warrior
  2263 | D        | Noticed a guardian serpent
  2265 | D        | Noticed a two-headed ogre
  2271 | D        | Killed a phantasmal warrior
  2275 | D        | Killed a spiny frog
  2318 | D        | Killed a guardian serpent
  2321 | D        | Killed a two-headed ogre
  2326 | D        | Killed a deep elf mage
  2334 | D        | Reached XP level 11. HP: 27/108 MP: 6/16
  2723 | D        | Lost mutation: Potions are less effective at restoring your health. [potion of mutation]
  2723 | D        | Gained mutation: Your spells are a little easier to cast, but a little less powerful. [potion of mutation]
  2723 | D        | Gained mutation: Your muscles are strong. (Str +2) [potion of mutation]
  2723 | D        | Gained mutation: You are somewhat resistant to further mutation. [potion of mutation]
  2764 | D        | Lost mutation: Your spells are a little easier to cast, but a little less powerful. [potion of mutation]
  2764 | D        | Lost mutation: Your muscles are strong. (Str +2) [potion of mutation]
  2863 | D        | Noticed a lindwurm
  2880 | D        | Killed a lindwurm
  2894 | D        | Noticed a merfolk avatar
  2902 | D        | Received a gift from Okawaru
  2910 | D        | Killed a merfolk avatar
  2927 | D        | Noticed a deep elf mage
  2928 | D        | Noticed a deep elf mage
  2942 | D        | Killed a deep elf mage
  2943 | D        | Noticed a deep elf knight
  2943 | D        | Noticed a deep elf archer
  2943 | D        | Noticed a deep elf mage
  2950 | D        | Killed a deep elf mage
  2957 | D        | Killed a deep elf knight
  2965 | D        | Killed a deep elf mage
  2980 | D        | Killed a deep elf archer
  3110 | D        | Reached skill level 10 in Dodging
  3110 | D        | Reached skill level 15 in Shields
  3115 | D        | Reached skill level 15 in Armour
  3120 | D        | Reached skill level 15 in Fighting
  3215 | D        | Noticed a death cob
  3215 | D        | Noticed an ice dragon
  3215 | D        | Noticed a sun demon
  3215 | D        | Noticed a deep elf blademaster
  3215 | D        | Noticed a two-headed ogre
  3235 | D        | Killed a death cob
  3235 | D        | Reached skill level 15 in Maces & Flails
  3239 | D        | Received a gift from Okawaru
  3256 | D        | Killed a deep elf blademaster
  3256 | D        | Reached XP level 12. HP: 48/122 MP: 13/18
  3259 | D        | Killed a two-headed ogre
  3262 | D        | Killed an ice dragon
  3263 | D        | Reached skill level 10 in Invocations
  3604 | D        | Got a spiked scale mail {god gift}
  3615 | D        | Identified the +3 scale mail of the Armoured One {Int+4} (Okawaru gifted it to you in the Dungeon)
  3636 | D        | Reached skill level 10 in Throwing
  3645 | D        | Got the ring of Conformity {MR+ Str+3 Dex+3}
  3774 | D        | Noticed an emperor scorpion
  3774 | D        | Noticed a catoblepas
  3775 | D        | Noticed an alligator
  3775 | D        | Noticed an orc warlord
  3800 | D        | Killed an alligator
  3800 | D        | Received a gift from Okawaru
  3804 | D        | Noticed a deep elf demonologist
  3809 | D        | Killed an orc warlord
  3816 | D        | Noticed a vampire mage
  3826 | D        | Killed a vampire mage
  3830 | D        | Noticed Eustachio
  3834 | D        | Got a transparent morningstar {god gift}
  3835 | D        | Identified the +10 morningstar of Impermanence {elec, rElec rPois rC+} (Okawaru gifted it to you in the Dungeon)
  3840 | D        | Killed a deep elf demonologist
  3850 | D        | Killed an emperor scorpion
  3867 | D        | Killed Eustachio
  3870 | D        | Noticed a balrug
  3874 | D        | Killed a balrug
  3874 | D        | Reached XP level 13. HP: 51/132 MP: 3/20
  3881 | D        | Received a gift from Okawaru
  3926 | D        | Got the ring of Pusomoaf {rPois rN+ Int-3 Dex+5}
  4368 | D        | Noticed an electric golem
  4381 | D        | Killed an electric golem
  4442 | D        | Noticed Dispater
  4444 | D        | Noticed an Executioner
  4500 | D        | HP: 6/134 [Executioner[Dispater] (16)]
  4501 | D        | Killed from afar by Dispater

Vault maps used:
D:        pitsprint

Skill      XL: |  1  2  3  4  5  6  7  8  9 10 11 12 13 |
---------------+----------------------------------------+-----
Fighting       | 4 6 7 8 9 11 12 13 15 17 | 17.7
Maces & Flails | 3 4 5 6 7 8 9 10 12 13 15 17 | 17.6
Armour         | 4 6 7 8 10 11 12 13 15 17 | 17.7
Dodging        | 1 2 3 4 5 6 7 9 10 11 12 | 12.0
Shields        | 4 6 7 8 9 11 12 13 15 17 | 17.7
Throwing       | 1 2 3 4 5 6 7 8 9 10 11 | 11.1
Invocations    | 1 2 3 4 5 6 7 8 9 10 11 | 11.1

Action                   |  1- 3 |  4- 6 |  7- 9 | 10-12 | 13-15 || total
-------------------------+-------+-------+-------+-------+-------++-------
Melee: Mace              |    33 |    48 |    39 |       |       ||   120
       Flail             |     2 |       |       |       |       ||     2
       Headbutt          |     5 |     9 |    27 |    62 |    37 ||   140
       Morningstar       |       |       |   106 |   262 |    87 ||   455
       Eveningstar       |       |       |       |       |     8 ||     8
Throw: Stone             |       |       |     4 |    15 |       ||    19
       Throwing net      |       |       |       |     2 |       ||     2
Invok: Heroism           |       |     3 |     8 |     9 |     3 ||    23
       Finesse           |       |       |       |     7 |     2 ||     9
  Use: Potion            |     1 |       |     1 |    12 |     3 ||    17
       Scroll            |       |       |       |     2 |       ||     2
 Stab: Petrified         |       |       |       |     9 |       ||     9
       Petrifying        |       |       |       |     3 |       ||     3
  Eat: Chunk             |       |     2 |     4 |     1 |       ||     7
       Ration            |       |       |       |     2 |       ||     2
Armor: Scale mail        |    12 |       |       |       |       ||    12
       Chain mail        |       |    10 |    37 |    63 |    53 ||   163
Dodge: Dodged            |    12 |    13 |    48 |    73 |    52 ||   198
Block: Shield            |    16 |    26 |    89 |   140 |    13 ||   284
       Large shield      |       |       |       |       |   115 ||   115

Table legend:
 A = Spawn XP
 B = Non-spawn XP
 C = Spawn XP percentage of total XP
 D = Spawn monster count
 E = Non-spawn monster count
 F = Spawn count percentage of total count
 G = Total turns spent on level
                    A         B        C        D         E        F      G
               +---------+---------+-------+---------+---------+-------+---------
         Total |       0 |   44583 |   0.0 |       0 |     135 |   0.0 |  4501
               +---------+---------+-------+---------+---------+-------+---------
             D |       0 |   44583 |   0.0 |       0 |     135 |   0.0 |  4501
               +---------+---------+-------+---------+---------+-------+---------
